 Dungeon Crawl Stone Soup version 0.32-a0-928-g1cae6b7ea0 (webtiles) character file.

Game seed: 7649209522790441816

653 ezpacito the Chopper (level 7, -13/54 HPs)
             Began as a Coglin Chaos Knight on Apr 13, 2024.
             Was a Plaything of Xom.
             Mangled by an ogre
             ... wielding a +0 giant spiked club
              (17 damage)
             ... on level 5 of the Dungeon.
             The game lasted 00:04:09 (3633 turns).

ezpacito the Chopper (Coglin Chaos Knight)          Turns: 3633, Time: 00:04:10

Health: -13/54     AC: 12    Str: 11 (14) XL:     7   Next: 54%
Magic:  8/8        EV:  5    Int: 10 (12) God:    Xom [..*...]
Gold:   165        SH:  0    Dex: 13      Spells: 1/8 levels left

rFire   . . .        a - +1 hand axe (chaos) {Egon}
rCold   . . .        p - +1 dagger (chaos) {Anan}
rNeg    . . .        n - +0 chain mail
rPois   .            i - +2 helmet
rElec   .            (no cloak)
rCorr   .            (no gloves)
SInv    .            (no boots)
Will    .....        (amulet unavailable) Stlth
                     (ring unavailable)
HPRegen 0.29/turn    (ring unavailable)
MPRegen 0.11/turn    (no gizmo)

%: no passive effects
@: studying Long Blades, revving
A: off-hand wielding, slow wielding, warmup strikes, no jewellery
a: Invent Gizmo, Renounce Religion


You were on level 5 of the Dungeon.
You worshipped Xom.
You were a toy of Xom.
You visited 1 branch of the dungeon, and saw 5 of its levels.

You collected 165 gold pieces.

Inventory:

Hand Weapons
 a - a +1 hand axe of chaos (weapon) {Egon}
 p - a +1 dagger of chaos (offhand) {Anan}
 y - a +0 war axe
Missiles
 k - 3 boomerangs (quivered)
Armour
 i - a +2 helmet (worn)
 n - a +0 chain mail (worn)
Magical Staves
 A - a staff of earth
Talismans
 f - a beast talisman
Wands
 s - a wand of iceblast (10)
Scrolls
 d - a scroll of fog {unknown}
 g - a scroll of summoning {unknown}
 m - 2 scrolls of revelation
 o - a scroll of enchant weapon
 r - 2 scrolls of identify {unknown}
 t - 2 scrolls of teleportation
 v - a scroll of enchant armour {unknown}
 w - a scroll of amnesia {unknown}
 z - 2 scrolls of silence
 B - a scroll of fear {unknown}
Potions
 b - a potion of attraction {unknown}


   Skills:
 * Level 4.2 Fighting
 * Level 4.3(4.8) Axes
 * Level 2.6(3.6) Polearms
 * Level 3.2 Armour
 * Level 2.5 Dodging
 + Level 1.7 Stealth
 + Level 1.3 Spellcasting
 + Level 0.6 Necromancy
 + Level 1.4 Evocations
 + Level 1.1 Shapeshifting


You had one spell level left.
You knew the following spells:

 Your Spells              Type           Power      Damage    Failure   Level
a - Dispel Undead         Necr           1%         3d6       100%        4
b - Fugue of the Fallen   Necr           1%         N/A       100%        3

Your spell library contained the following spells:

 Spells                   Type           Power      Damage    Failure   Level
 Kiss of Death            Conj/Necr      4%         2d5       100%        1
 Ensorcelled Hibernation  Hex/Ice        0%         N/A       100%        2
 Confusing Touch          Hex            0%         N/A       100%        3
 Frozen Ramparts          Ice            0%         1d1       100%        3
 Hailstorm                Conj/Ice       0%         3d5       100%        3
 Ozocubu's Armour         Ice            0%         N/A       100%        3
 Summon Ice Beast         Ice/Summ       0%         N/A       100%        3
 Anguish                  Hex/Necr       0%         N/A       100%        4
 Metabolic Englaciation   Hex/Ice        0%         N/A       100%        5
 Permafrost Eruption      Ice/Erth       0%         2x4d1     100%        6
 Sculpt Simulacrum        Ice/Alch       0%         N/A       100%        6


Dungeon Overview and Level Annotations

Branches:
Dungeon (5/15)
 Temple: D:4-7

Altars:
Okawaru


Innate Abilities, Weirdness & Mutations

You can wield a second weapon in your off-hand.
It takes a long time for you to wield or remove held weapons.
Your first few attacks do less damage.
You cannot equip rings or amulets.


Message History

You barely miss the scorpion with your +1 hand axe of chaos.
The ogre hits your butterfly with a +0 giant spiked club!
Your butterfly dies!
Your butterfly disappears in a burst of colours!
The scorpion stings you.
You take 2 damage, and have 23/54 hp.
You hit the scorpion but do no damage.
The scorpion is caught in a web!
The scorpion is moderately wounded.
You hit the scorpion with your +1 dagger of chaos.
You freeze the scorpion.
The scorpion tears the web.
You hit the scorpion but do no damage.
The scorpion is heavily wounded.
You hit the scorpion with your +1 hand axe of chaos.
The scorpion is poisoned.
You kill the scorpion!
The ogre misses your butterfly.
You feel your dexterity returning. The ogre misses your butterfly.
You see here a scorpion corpse.
The ogre hits your butterfly with a +0 giant spiked club!!
Your butterfly dies!
Your butterfly disappears in a burst of colours!
The ogre hits your butterfly with a +0 giant spiked club!
Your butterfly dies!
Your butterfly disappears in a burst of colours!
An ogre is nearby!
You swap places.
You swap places.
You see here a scorpion corpse.
The ogre hits you with a +0 giant spiked club!!
* * * LOW HITPOINT WARNING * * *
You take 21 damage, and have 4/54 hp.
MASSIVE DAMAGE!!
You hit the ogre with your +1 hand axe of chaos.
The ogre is poisoned.
The ogre is moderately wounded.
You hit the ogre with your +1 dagger of chaos.
The ogre convulses.
The ogre hits you with a +0 giant spiked club!
You die...
Xom chortles! ##..### #.....# ... # #bbbbb# ... .b##bbbbb# .. b.bbbbbb# .. #b.bbb#

.# #####...b.# .######
.........<#######b.....#
#########...O@†...b....#
#########......# #######


You could see an ogre (fast, very poisoned, ally target).

Vanquished Creatures
  An ice beast (D:3)
  An ogre (D:4)
  A phantom (D:4)
  A scorpion (D:5)
  A howler monkey (D:4)
  A bombardier beetle (D:4)
  An orc priest (D:4)
  An iguana (D:4)
  2 orc wizards (D:4)
  6 adders
  2 ribbon worms
  6 dart slugs
  An orc (D:4)
  10 ball pythons
  A bat (D:3)
  7 endoplasms
  7 giant cockroaches
  13 goblins
  12 hobgoblins
  A jackal (D:4)
  3 quokkas
  5 frilled lizards
  7 kobolds
  5 rats
96 creatures vanquished.

Vanquished Creatures (collateral kills)
  A ribbon worm (D:3)
1 creature vanquished.

Grand Total: 97 creatures vanquished

Notes
Turn   | Place    | Note
-------+----------+-------------------------------------------
     0 | D:1      | ezpacito the Coglin Chaos Knight began the quest for the
                  | Orb.
     0 | D:1      | Reached XP level 1. HP: 18/18 MP: 1/1
    42 | D:1      | Reached skill level 1 in Dodging
    60 | D:1      | Reached XP level 2. HP: 19/24 MP: 2/2
   108 | D:1      | XOM: silly message
   298 | D:1      | Reached XP level 3. HP: 25/29 MP: 3/3
   375 | D:1      | XOM: 1-stop teleportation journey
   558 | D:1      | Found a faded altar of an unknown god.
   631 | D:1      | Reached skill level 1 in Polearms
   801 | D:2      | XOM: chaos upgrade
  1002 | D:2      | XOM: silly message
  1178 | D:2      | Reached XP level 4. HP: 35/35 MP: 4/4
  1671 | D:2      | XOM: stat loss: -1 Dex (12/13)
  1729 | D:3      | Noticed an ice beast
  1744 | D:3      | Killed an ice beast
  1745 | D:3      | Reached skill level 1 in Stealth
  1745 | D:3      | Reached XP level 5. HP: 15/41 MP: 4/6
  1863 | D:3      | Found an iron altar of Okawaru.
  2256 | D:3      | XOM: divination: detect creatures
  2291 | D:3      | XOM: divination: detect items
  2640 | D:4      | Noticed an ogre
  2647 | D:4      | Killed an ogre
  2648 | D:4      | Reached skill level 1 in Spellcasting
  2648 | D:4      | Reached XP level 6. HP: 34/48 MP: 7/7
  2709 | D:4      | XOM: potion effect (heal wounds)
  2819 | D:4      | Learned a level 4 spell: Dispel Undead
  2823 | D:4      | Learned a level 3 spell: Fugue of the Fallen
  2975 | D:4      | Reached skill level 1 in Evocations
  2975 | D:4      | Reached skill level 1 in Shapeshifting
  2984 | D:4      | Reached XP level 7. HP: 48/54 MP: 8/8
  3075 | D:3      | XOM: divination: detect creatures
  3351 | D:4      | XOM: cloud trail
  3604 | D:4      | XOM: silly message
  3608 | D:5      | Entered Level 5 of the Dungeon
  3633 | D:5      | Mangled by an ogre

Illustrated notes

Levels and vault maps discovered:
D:1:      psy_arrival_radial01, layout_basic, shapermc_ecumenical_altar_pompeii
D:2:      layout_basic
D:3:      layout_basic, kennysheep_okawaru_gauntlet,
          chequers_serial_rivers_marsh, chequers_serial_rivers_large_a
D:4:      layout_gridville, minmay_manual_maat
D:5:      layout_rooms, nicolae_hepliaklqana_hazy_memory,
          minmay_temple_entry_slanted, minmay_misc_feat_alley,
          minmay_misc_feat_more_columns

Skill      XL: |  1  2  3  4  5  6 |
---------------+-------------------+-----
Dodging        | 1 2 |  2.5
Armour         | 2 3 |  3.2
Polearms       | 1 2 |  2.6
Stealth        | 1 |  1.7
Spellcasting   | 1 |  1.3
Axes           | 4 |  4.3
Evocations     | 1 |  1.4
Shapeshifting  | 1 |  1.1
Fighting       | 4 |  4.2
Necromancy     | |  0.6

Action                     |  1- 3 |  4- 6 |  7- 9 || total
---------------------------+-------+-------+-------++-------
  Melee: Hand axe          |    78 |    93 |    46 ||   217
         Dagger            |    68 |    99 |    44 ||   211
  Evoke: Wand              |       |     2 |       ||     2
    Use: Scroll            |       |     4 |     1 ||     5
         Potion            |       |     4 |     6 ||    10
   Stab: Paralysed         |       |       |     1 ||     1
 Armour: Leather armour    |    21 |       |       ||    21
         Chain mail        |    23 |    99 |    54 ||   176
  Dodge: Dodged            |    29 |    25 |     9 ||    63

Table legend: (Time is in decaauts)
 A = Elapsed time spent in this place.
 B = Non-inter-level travel time spent in this place.
 C = Inter-level travel time spent in this place.
 D = Time resting spent in this place.
 E = Time spent auto-exploring this place.
 F = Levels seen in this place.
 G = Mean time per level.
                   A        B        C        D        E       F      G
               +--------+--------+--------+--------+--------+-----+--------+
         Total |   3673 |   3473 |    200 |     52 |   2684 |   5 |  734.6 |
       Dungeon |   3673 |   3473 |    200 |     52 |   2684 |   5 |  734.6 |
               +--------+--------+--------+--------+--------+-----+--------+

Top non-repeatable levels by time:
     D:3: 1136 daAuts
     D:2: 948 daAuts
     D:4: 788 daAuts
     D:1: 775 daAuts
     D:5: 24 daAuts
